 Dungeon Crawl Stone Soup version 0.25.1-2-g60ff931df9 (webtiles) character file.

Game seed: 1649981119163854334

269 growler the Slicer (level 6, -6/55 HPs)
             Began as a Kobold Berserker on Oct 21, 2020.
             Was a Believer of Trog.
             Killed by nerve-wracking pain
             ... invoked by an orc priest
              (8 damage)
             ... on level 4 of the Dungeon.
             The game lasted 00:05:51 (2973 turns).

growler the Slicer (Kobold Berserker)               Turns: 2973, Time: 00:05:52

Health: -6/55      AC:  6    Str: 16    XL:     6   Next: 46%
Magic:  6/6        EV: 15    Int:  8    God:    Trog [**....]
Gold:   102        SH:  0    Dex: 15    Spells: 5/5 levels left

rFire    . . .     SeeInvis .   a - +0 short sword
rCold    . . .     Gourm    .   (shield restricted)
rNeg     . . .     Faith    .   b - +0 animal skin
rPois    .         Spirit   .   g - +2 helmet
rElec    .         Reflect  .   (no cloak)
rCorr    .         Harm     .   (no gloves)
MR       .....                  i - +0 pair of boots
Stlth    ..........             (no amulet)
HPRegen  0.18/turn              (no ring)
MPRegen  0.10/turn              (no ring)

@: berserking, very quick
A: small, carnivore
a: Berserk, Trog's Hand, Renounce Religion


You were on level 4 of the Dungeon.
You worshipped Trog.
Trog was pleased with you.
You were very full.

You visited 1 branch of the dungeon, and saw 3 of its levels.

You collected 102 gold pieces.

Inventory:

Hand Weapons
 a - a +0 short sword (weapon)
Missiles
 h - 2 throwing nets (quivered) {!f}
Armour
 b - a +0 animal skin (worn)
 g - a +2 helmet (worn)
   (You took it off Robin on level 2 of the Dungeon)
 i - a +0 pair of boots (worn)
   (You found it on level 1 of the Dungeon)
Jewellery
 j - an uncursed ring of poison resistance {unknown}
   (You found it on level 2 of the Dungeon)
 k - a cursed ring of teleportation {unknown}
   (You found it on level 2 of the Dungeon)
Scrolls
 d - a scroll of identify {unknown}
 f - a scroll of amnesia {unknown}
 l - 3 scrolls of teleportation {unknown}
Comestibles
 c - 3 chunks of flesh
 e - 5 rations {!d}


   Skills:
 - Level 3.2 Fighting
 + Level 9.0 Short Blades
 - Level 1.5 Armour
 - Level 2.4 Dodging


You had 5 spell levels left.
You didn't know any spells.
Your spell library was empty.

Dungeon Overview and Level Annotations

Branches:
Dungeon (2/15)

Altars:
Fedhas


Innate Abilities, Weirdness & Mutations

You are small and have problems with some larger weapons.
You are carnivorous and can eat meat at any time.


Message History

The orc priest shouts!
You hear a shout!
The orc priest calls down the wrath of Beogh upon you.
Pain shoots through your body!
An orc and an orc wizard come into view.
The orc shouts!
You feel yourself speed up.
You barely miss the orc priest.
You hit the orc priest but do no damage.
The orc priest hits you with a +0 hand axe.
You hit the orc priest. The orc barely misses you.
The orc priest calls down the wrath of Beogh upon you.
Pain shoots through your body!
* * * LOW HITPOINT WARNING * * *
You hit the orc priest. You barely miss the orc priest.
The orc barely misses you.
The orc priest hits you with a +0 hand axe.
* * * LOW HITPOINT WARNING * * *
You hit the orc priest but do no damage.
The orc closely misses you.
You closely miss the orc priest.
The orc priest hits you with a +0 hand axe.
* * * LOW HITPOINT WARNING * * *
You hit the orc priest but do no damage.
The orc closely misses you.
The orc priest begins to cast a cantrip, but forgets the words!
You hit the orc priest but do no damage.
The orc hits you but does no damage.
You closely miss the orc priest.
The orc priest hits you with a +0 hand axe.
* * * LOW HITPOINT WARNING * * *
You hit the orc priest but do no damage.
The orc barely misses you.
The orc priest hits you but does no damage.
The orc wizard gestures wildly while chanting.
The orc wizard seems to speed up.
You closely miss the orc priest. The orc completely misses you.
You hit the orc priest but do no damage.
The orc priest miscasts a cantrip.
You barely miss the orc priest. The orc misses you.
The orc priest hits you with a +0 hand axe.
* * * LOW HITPOINT WARNING * * *
You barely miss the orc priest.
You recover from your berserk rage.
The orc misses you.
A red film seems to cover your vision as you go berserk!
You feel yourself moving faster!
You feel mighty!
You feel quite a bit less full.
The orc priest invokes the aid of Beogh against you.
Pain shoots through your body!
You die...

###.........##.###
##.......#.........
#..........#.##.##.
###....###.###.##.#
#..........###.##..
#......([......####.
#.....).......... ..
###...#####...... #
#.@o# ..#+#. ###o#
..# .o.o....# ..#
.###.o... .. #.#..##
#...<.# #..#.## #
.#. . ..


You could see an orc priest and an orc.

Vanquished Creatures
  A crimson imp (D:4)
  Jessica (D:2)
  2 orc wizards (D:4)
  2 worker ants (D:4)
  Robin (D:2)
  A white imp (D:4)
  3 oozes
  An adder skeleton (D:4)
  4 leopard geckos
  2 orcs (D:4)
  2 giant cockroaches
  17 goblins
  9 hobgoblins
  6 kobolds
  A quokka (D:2)
  A ball python (D:1)
  4 bats (D:1)
  6 frilled lizards
  6 rats
70 creatures vanquished.

Notes
Turn   | Place    | Note
-------+----------+-------------------------------------------
     0 | D:1      | growler the Kobold Berserker began the quest for the Orb.
     0 | D:1      | Reached XP level 1. HP: 14/14 MP: 1/1
    28 | D:1      | Reached XP level 2. HP: 15/19 MP: 2/2
   141 | D:1      | Reached skill level 5 in Short Blades
   351 | D:1      | Reached XP level 3. HP: 23/23 MP: 3/3
   663 | D:1      | Reached ** piety under Trog
  1028 | D:1      | Reached skill level 6 in Short Blades
  1284 | D:2      | Noticed Jessica
  1290 | D:2      | Killed Jessica
  1290 | D:2      | Reached XP level 4. HP: 26/28 MP: 4/4
  1296 | D:2      | Noticed Robin
  2103 | D:2      | Killed Robin
  2103 | D:2      | Reached skill level 7 in Short Blades
  2107 | D:2      | Reached XP level 5. HP: 24/32 MP: 5/5
  2364 | D:2      | Found a blossoming altar of Fedhas.
  2549 | D:2      | You fall into a shaft and drop 2 floors!
  2713 | D:4      | Reached skill level 8 in Short Blades
  2924 | D:4      | Reached XP level 6. HP: 27/37 MP: 6/6
  2937 | D:4      | Reached skill level 9 in Short Blades
  2971 | D:4      | HP: 1/37 [orc priest/+0 hand axe (4)]
  2973 | D:4      | Killed from afar by an orc priest

Illustrated notes

Levels and vault maps discovered:
D:1:      dpeg_arrival_shelter, layout_loops_ring
D:2:      layout_basic, fedhas_altar_1, uniq_robin, uniq_jessica
D:4:      layout_loops_cross, nicolae_overflow_crystal_walls,
          lemuel_round_altar, nicolae_overflow_hidden_temple,
          lemuel_zombie_altar_kikubaaqudgha, kennysheep_mini_moat, first_ration,
          minmay_fire_ice_demons

Skill      XL: |  1  2  3  4  5  6 |
---------------+-------------------+-----
Short Blades   | 5 6 7 8 9 |  9.0
Fighting       | |  3.2
Armour         | |  1.5
Dodging        | |  2.4

Action                   |  1- 3 |  4- 6 || total
-------------------------+-------+-------++-------
Melee: Short sword       |   112 |   179 ||   291
Invok: Berserk           |     2 |     3 ||     5
  Use: Potion            |       |     1 ||     1
 Stab: Sleeping          |     3 |     1 ||     4
       Distracted        |     1 |       ||     1
  Eat: Chunk             |    10 |     7 ||    17
Armor: Animal skin       |    14 |    29 ||    43
Dodge: Dodged            |    83 |   124 ||   207
